cohdb
Replays
Latest Replays
All Replays
Popular Replays
Top Player Replays
Match Explorer
How It Works
Community
CoH3 Stats
Reddit
Sign in to upload your games and track your stats! →
Sign in with Steam
Match 41632180
Unlisted
Match 41632180
Overview
Messages
Build Orders
End
Construct Weapon Support Center
Scout Squad
Selects Heavy Weapons
M1919 Machine Gun Team
Bazooka Squad
Air Support Center
M1919 Machine Gun Team
P-47 Strafing Run
Engineer Squad
Bazooka Squad
Selects M2HB .50cal Heavy Machine Gun
M3 Armored Personnel Carrier
P-47 Strafing Run
Double Sortie
Selects Assault Carriers
Grasshopper Recon Run
P-47 Strafing Run
P-47 Dive Bomb
Selects Exchangeable Parts
P-47 Strafing Run
Air Supremacy
Improved M9 Bazooka Rockets
Grasshopper Recon Run
P-47 Strafing Run
Construct Tank Depot
P-47 Strafing Run
Grasshopper Recon Run
P-47 Dive Bomb
M18 Hellcat Tank Destroyer
P-47 Strafing Run
P-47 Dive Bomb
Grasshopper Recon Run
P-47 Strafing Run
M18 Hellcat Tank Destroyer
P-47 Dive Bomb
P-47 Strafing Run
M18 Hellcat Tank Destroyer
P-47 Dive Bomb
Grasshopper Recon Run
M18 Hellcat Tank Destroyer
Scooter
okinawa
.k boy
朴商隐
YEOUNGLAK
Maschinengewehr42
CPU - VERY EASY
XXxxxGxxxXX
0
0
Comments
sign in to comment!
No comments posted yet!